AoeStats
← 玩印度的哥们硬不起来

Arabia

509364775Analyzed
1v1 RM · 5d ago on Sep 26, 2026· 39m 1s· 2 players
Game mode
Random Map
Map size
Tiny (2 player)
Population
200
Speed
Normal
Resources
Standard
Victory
Conquest
Starting age
Dark Age
Ending age
Imperial Age
RankedLock teamsTeams togetherTeam positionsShared explorationLock speedFull tech treeHidden civsTurbo modeCheats
Victory
Defeat
1000
+45
🇬🇧 Portuguese · United Kingdom
987
-15
anthony-scott290798
10:32 Feudal Age
11:13 Double-Bit Axe
13:56 Loom
20:06 Castle Age
18:44 Scale Mail Armor
18:39 Fletching
19:22 Gold Mining
21:13 Pikeman
22:11 Chain Mail Armor
23:24 Horse Collar
24:27 Bow Saw
28:52 Wheelbarrow
31:03 Forging
32:10 Hand Cart
33:39 Iron Casting
35:52 Imperial Age
37:43 Ballistics
38:27 Chemistry
37:33 Siege Engineers
玩印度的哥们硬不起来
7:43 Loom
10:03 Feudal Age
19:21 Castle Age
18:05 Double-Bit Axe
18:01 Horse Collar
20:11 Wheelbarrow
24:38 Bow Saw
24:30 Heavy Plow
24:26 Gold Mining
25:17 Scale Barding Armor
28:07 Stone Mining
30:47 Chain Barding Armor
30:33 Husbandry
34:05 Imperial Age
32:26 Forging
34:29 Gold Shaft Mining
34:27 Hand Cart
35:59 Plate Barding Armor
34:48 Elite Cataphract
35:58 Heavy Plow
36:31 Conscription
36:44 Conscription
37:28 Iron Casting
38:00 Logistica
39:31 Two-Man Saw
Connection lost

Rejoining the realm…

Still unreachable

The connection could not be restored.

Session expired

The server has moved on; the page needs a fresh start.